 Dungeon Sprint DCSS version 0.31-a0-940-gdaa99269f9 (webtiles) character file.

Game seed: 11755992563994347061

51527 sircluck the Wrestler (level 14, -16/170 HPs)
             Began as a Troll Berserker on Oct 20, 2023.
             Was a Priest of Trog.
             Killed from afar by a purple draconian (28 damage)
             ... with a bolt of dispelling energy
             ... in the Dungeon (Sprint VII: "The Pits").
             The game lasted 00:13:48 (3198 turns).

sircluck the Wrestler (Troll Berserker)             Turns: 3198, Time: 00:13:49

Health: -16/170    AC:  9    Str: 32    XL:     14   Next: 23%
Magic:  13/13      EV: 20    Int:  3    God:    Trog [***...]
Gold:   86         SH:  0    Dex: 17    Spells: 13/13 levels left

rFire   . .          .
                       - Unarmed
rCold   . . .        (no shield)
rNeg    . . .        a - +0 animal skin
rPois   +            (helmet restricted)
rElec   .            B - +0 cloak "Saupsuep" {rPois Dex+5}
rCorr   .            (gloves unavailable)
SInv    .            (boots unavailable)
Will    +....        (no amulet)
Stlth   ++           l - +3 ring of protection
HPRegen 1.28/turn    n - +3 ring of dexterity
MPRegen 0.13/turn

%: no teleportation
@: on berserk cooldown
A: large, unfitting armour, claws 3, regeneration 1, shaggy fur 1, tough skin 1
a: Renounce Religion, Berserk, Trog's Hand


You were in the Dungeon.
You worshipped Trog.
Trog was most pleased with you.
You visited 1 branch You collected 86 gold pieces.

Inventory:

Missiles
 q - 6 large rocks (quivered)
Armour
 a - a +0 animal skin (worn)
 B - the +0 cloak "Saupsuep" (worn) {rPois Dex+5}
   (You found it in the Dungeon)

   Dex+5:     It affects your dexterity (+5).
   rPois:     It protects you from poison
Jewellery
 l - a +3 ring of protection (left claw)
 m - the ring "Omoggaimi" {Will+ Str+6 Int+3 Slay-3}
   (You found it in the Dungeon)

   [ring of strength]

   Str+6:     It affects your strength (+6).
   Int+3:     It affects your intelligence (+3).
   Slay-3:    It affects your accuracy & damage with ranged weapons and melee
   (-3).
   Will+:     It increases your willpower.
 n - a +3 ring of dexterity (right claw)
 v - a ring of willpower
 z - a ring of protection from fire
Wands
 k - a wand of polymorph (4)
 p - a wand of iceblast (12)
 y - a wand of charming (3)
 A - a wand of quicksilver (4)
Scrolls
 g - a scroll of blinking
 i - 2 scrolls of vulnerability
 j - a scroll of butterflies
 r - 3 scrolls of fear
 s - a scroll of identify
 t - 2 scrolls of enchant armour
 u - 4 scrolls of enchant weapon
Potions
 b - 9 potions of curing
 c - 10 potions of heal wounds
 d - 2 potions of haste
 e - 4 potions of magic
 f - 4 potions of berserk rage
 h - 2 potions of invisibility
 o - a potion of resistance
 x - 3 potions of lignification


   Skills:
 + Level 18.4 Fighting
 + Level 14.2 Armour
 + Level 18.3 Dodging
 + Level 21.3 Unarmed Combat


You had 13 spell levels left.
You didn't know any spells.
Your spell library was empty.

Dungeon Overview and Level Annotations

Branches:
Dungeon (1/1)

Altars:
Ashenzari
Cheibriados
Dithmenos
Elyvilon
Fedhas
Gozag
Hepliaklqana
Kikubaaqudgha
Makhleb
Nemelex Xobeh
Okawaru
Qazlal
Ru
Sif Muna
Trog
Uskayaw
Vehumet
Wu Jian
Xom
Yredelemnul
Zin
The Shining One
Jiyva
Lugonu


Innate Abilities, Weirdness & Mutations

You are too large for most types of armour.
You have claws for hands.
Your natural rate of healing is unusually fast.
You are covered in fur. (AC +1)
You have tough skin. (AC +1)


Message History

Unknown command.
Unknown command.
You fail to use your ability.
The deep elf high priest shoots an arrow.
The arrow barely misses you.
You closely miss the white draconian.
The white draconian is severely wounded.
The deep elf high priest invokes the aid of its god against you.
Something smites you!
* * * LOW HITPOINT WARNING * * *
Unknown command.
You eviscerate the white draconian!!!
You kill the white draconian!
Trog accepts your kill.
Unknown command.
Unknown command.
Unknown command.
You eviscerate the death knight!!!
You kill the death knight!
Trog accepts your kill.
The deep elf high priest invokes the aid of its god against you.
Something smites you!
* * * LOW HITPOINT WARNING * * *
The purple draconian breathes dispelling energy at you.
The bolt of dispelling energy misses you.
Unknown command.
Unknown command.
Unknown command.
Okay, then.
Your ogre goes berserk!
You can no longer call in reinforcements.
The deep elf high priest shoots an arrow.
The arrow closely misses you.
The deep elf high priest calls down the wrath of its god upon you.
The sphere of damnation explodes!
The damnation engulfs you!!
* * * LOW HITPOINT WARNING * * *
The damnation engulfs your ogre!
The purple draconian breathes dispelling energy at you.
The bolt of dispelling energy hits you!!
You die...

,,,,,,,*,,,,,,,,,,,,,*#.#
**,,,,,,,,,,,*****++**#'#
,**,,,,,,,,,**,,,*,,,*#.#
,,**,,,,,,,**,,,,+,,,*#'#
,,,**,,,,,**,,,,,*,,,*#[#
**********************#'#
#######################'#
................O....e..#
..............).@.)dN[).#
######++##############..#
,,*,,,,,,,,*,,+,,,+,,#..#
,,*,,,,,,,,*,,*,,,*,,#..#
******,,*******,,,***#..#
,,*,,,,,,,,*,,,,,,,,,#..#
,,,,,,,,,,,,,,,,,,,,,#.e#
,,*,,,,,,,,*,,,,,,,,,#de#
*,****,,****,**+***+*#..#


You could see a purple draconian (catching breath), a nagaraja (empowered), a
deep elf high priest (brilliance aura, ally target) and a friendly ogre
(summoned, berserk).

Vanquished Creatures
  2 pandemonium lords (D)
  An Ice Fiend (D)
  A Hell Sentinel (D)
  2 nagarajas (D)
  A draconian monk (D)
  A rockslime (D)
  An orc warlord (D)
  A deep elf demonologist (D)
  A purple draconian (D)
  A white draconian (D)
  A fire dragon (D)
  A death knight (D)
  A death yak (D)
  A demonic crawler (D)
  2 vampire magi (D)
  A sea snake (D)
  2 fire crabs (D)
  A bog body (D)
  2 harpies (D)
  A phantasmal warrior (D)
  An elephant (D)
  A manticore (D)
  Maurice (D)
  2 smoke demons (D)
  A black mamba (D)
  2 molten gargoyles (D)
  2 cane toads (D)
  An efreet (D)
  An ice devil (D)
  A tyrant leech (D)
  A wind drake (D)
  A hellwing (D)
  3 dream sheep (D)
  3 slime creatures (D)
  A flying skull (D)
  A water elemental (D)
  2 yaks (D)
  A fire bat (D)
  A human (D)
  4 vampire mosquitoes (D)
  A water moccasin (D)
  Pargi (D)
  5 wolves (D)
  A centaur (D)
  2 phantoms (D)
  2 scorpions (D)
  A killer bee (D)
  A crimson imp (D)
  A gnoll bouda (D)
  Jessica (D)
  An iguana (D)
  Ijyb (D)
  An orc wizard (D)
  4 gnolls (D)
  A white imp (D)
  A worm (D)
  A ball python (D)
  A bat (D)
  A bat skeleton (D)
  An endoplasm (D)
  2 giant cockroaches (D)
  2 kobolds (D)
  2 quokkas (D)
  A quokka skeleton (D)
  3 rats (D)
95 creatures vanquished.

Vanquished Creatures (collateral kills)
  Rupert (D)
  A lich (D)
  A storm dragon (D)
  Kirke (D)
  A draconian knight (D)
  3 deep elf sorcerers (D)
  An angel (D)
  A stone giant (D)
  A red draconian (D)
  A deep elf annihilator (D)
  An eidolon (D)
  A deep elf death mage (D)
  An ice dragon (D)
  Erica (D)
  A two-headed ogre (D)
  A vampire mage (D)
  A demonic crawler (D)
  A sun demon (D)
  An arcanist (D)
  A deep troll (D)
  An occultist (D)
  A harpy (D)
  A cyclops (D)
  6 elephants (D)
  An eye of devastation (D)
  An orange demon (D)
  A cane toad (D)
  A rime drake (D)
  2 ice devils (D)
  A dream sheep (D)
  A jumping spider (D)
  A shadow (D)
  A wyvern (D)
  A spriggan (D)
  A water elemental (D)
  A wraith (D)
  A hog (D)
  3 yaks (D)
  A neqoxec (D)
  A small abomination (D)
  8 killer bees (D)
  A quasit (D)
  A hell rat (D)
  A white imp (D)
  A bat skeleton (D)
  A ball python skeleton (D)
63 creatures vanquished.

Vanquished Creatures (others)
  2 humans (D)
  A hell rat (D)
3 creatures vanquished.

Grand Total: 161 creatures vanquished

Notes
Turn   | Place    | Note
-------+----------+-------------------------------------------
     0 | D        | sircluck the Troll Berserker began the quest for the Orb.
     0 | D        | Reached XP level 1. HP: 22/22 MP: 0/0
    11 | D        | Noticed a scorpion
    15 | D        | Killed a scorpion
    16 | D        | Reached skill level 5 in Unarmed Combat
    16 | D        | Reached XP level 2. HP: 13/33 MP: 1/1
    16 | D        | Reached XP level 3. HP: 16/40 MP: 2/2
    54 | D        | Found a bloodstained altar of Trog.
    54 | D        | Found a shimmering blue altar of Sif Muna.
    54 | D        | Found a viscous altar of Jiyva.
    54 | D        | Found a hazy altar of Hepliaklqana.
    54 | D        | Found an opulent altar of Gozag.
    55 | D        | Found a glowing golden altar of the Shining One.
    55 | D        | Found a glowing silver altar of Zin.
    55 | D        | Found a basalt altar of Yredelemnul.
    55 | D        | Found a shimmering altar of Xom.
    55 | D        | Found an ornate altar of the Wu Jian Council.
    55 | D        | Found a sacrificial altar of Ru.
    55 | D        | Found a stormy altar of Qazlal.
    55 | D        | Found an iron altar of Okawaru.
    55 | D        | Found a sparkling altar of Nemelex Xobeh.
    55 | D        | Found a burning altar of Makhleb.
    55 | D        | Found a blossoming altar of Fedhas.
    55 | D        | Found a white marble altar of Elyvilon.
    55 | D        | Found a shadowy altar of Dithmenos.
    55 | D        | Found a snail-covered altar of Cheibriados.
    59 | D        | Found a corrupted altar of Lugonu.
    59 | D        | Found a radiant altar of Vehumet.
    60 | D        | Found a broken altar of Ashenzari.
    60 | D        | Found an ancient bone altar of Kikubaaqudgha.
    60 | D        | Found a hide-covered altar of Uskayaw.
    96 | D        | Reached ** piety under Trog
   104 | D        | Noticed a scorpion
   109 | D        | Killed a scorpion
   110 | D        | Reached skill level 5 in Fighting
   110 | D        | Reached skill level 5 in Dodging
   110 | D        | Reached skill level 6 in Unarmed Combat
   110 | D        | Reached XP level 4. HP: 50/50 MP: 3/3
   133 | D        | Reached *** piety under Trog
   134 | D        | Reached XP level 5. HP: 36/57 MP: 4/4
   147 | D        | Reached **** piety under Trog
   148 | D        | Reached skill level 7 in Unarmed Combat
   295 | D        | Noticed a flying skull
   301 | D        | Killed a flying skull
   301 | D        | Reached ***** piety under Trog
   302 | D        | Reached skill level 8 in Unarmed Combat
   302 | D        | Reached XP level 6. HP: 71/71 MP: 5/5
   303 | D        | Noticed Ijyb
   317 | D        | Killed Ijyb
   351 | D        | Noticed a black mamba
   354 | D        | Killed a black mamba
   355 | D        | Reached skill level 9 in Unarmed Combat
   355 | D        | Reached XP level 7. HP: 53/81 MP: 6/6
   497 | D        | Noticed a fire bat
   499 | D        | Reached skill level 10 in Unarmed Combat
   504 | D        | Killed a fire bat
   515 | D        | Noticed a wyvern
   515 | D        | Noticed a demonic crawler
   519 | D        | Killed a demonic crawler
   520 | D        | Reached skill level 11 in Unarmed Combat
   520 | D        | Reached XP level 8. HP: 93/93 MP: 7/7
   526 | D        | Received a gift from Trog
   527 | D        | Reached skill level 10 in Fighting
   575 | D        | Gained mutation: Your body sometimes deteriorates upon
                  | taking damage. [potion of mutation]
   575 | D        | Gained mutation: You are agile. (Dex +4, Str/Int -1)
                  | [potion of mutation]
   576 | D        | Lost mutation: You are agile. (Dex +4, Str/Int -1) [potion
                  | of mutation]
   576 | D        | Lost mutation: Your body sometimes deteriorates upon taking
                  | damage. [potion of mutation]
   576 | D        | Gained mutation: You possess an exceptional clarity of
                  | mind. [potion of mutation]
   576 | D        | Gained mutation: You are agile. (Dex +4, Str/Int -1)
                  | [potion of mutation]
   627 | D        | Noticed a demonic crawler
   633 | D        | Killed a demonic crawler
   634 | D        | Reached skill level 10 in Dodging
   634 | D        | Reached skill level 12 in Unarmed Combat
   634 | D        | Reached XP level 9. HP: 102/102 MP: 8/8
   678 | D        | Noticed a harpy
   679 | D        | Noticed a harpy
   679 | D        | Noticed a molten gargoyle
   680 | D        | Noticed a harpy
   683 | D        | Killed a harpy
   684 | D        | Killed a harpy
   685 | D        | Reached skill level 13 in Unarmed Combat
   687 | D        | Killed a molten gargoyle
   692 | D        | Killed a harpy
   693 | D        | Reached XP level 10. HP: 115/115 MP: 9/9
   746 | D        | Reached skill level 14 in Unarmed Combat
   754 | D        | Reached ****** piety under Trog
   755 | D        | Received a gift from Trog
   803 | D        | Noticed Pargi
   803 | D        | Noticed Maurice
   805 | D        | Killed Pargi
   811 | D        | Killed Maurice
   812 | D        | Reached skill level 1 in Armour
   858 | D        | Noticed a vampire mage
   862 | D        | Noticed a cyclops
   863 | D        | Killed a vampire mage
   863 | D        | Received a gift from Trog
   872 | D        | Killed a cyclops
   887 | D        | Noticed a two-headed ogre
   894 | D        | Killed a two-headed ogre
   895 | D        | Reached skill level 15 in Unarmed Combat
   895 | D        | Noticed a sea snake
   900 | D        | Killed a sea snake
   900 | D        | Received a gift from Trog
   901 | D        | Reached XP level 11. HP: 120/127 MP: 10/10
   905 | D        | Reached skill level 5 in Armour
   920 | D        | Received a gift from Trog
   936 | D        | Noticed a bog body
   943 | D        | Killed a bog body
  1132 | D        | Noticed Jessica
  1143 | D        | Killed Jessica
  1145 | D        | Identified the +4 great sword "Acomme Cufy" {heavy, rN+
                  | Str+3} (Trog gifted it to you in the Dungeon)
  1145 | D        | Received a gift from Trog
  1167 | D        | Noticed a deep troll
  1178 | D        | Reached skill level 16 in Unarmed Combat
  1179 | D        | Killed a deep troll
  1179 | D        | Noticed a storm dragon
  1185 | D        | HP: 6/130 [storm dragon/bolt of lightning (20)]
  1189 | D        | Killed a storm dragon
  1189 | D        | Received a gift from Trog
  1191 | D        | Noticed a phantasmal warrior
  1198 | D        | Killed a phantasmal warrior
  1342 | D        | Lost mutation: You possess an exceptional clarity of mind.
                  | [potion of mutation]
  1342 | D        | Lost mutation: You are agile. (Dex +4, Str/Int -1) [potion
                  | of mutation]
  1342 | D        | Gained mutation: You are dopey. (Int -2) [potion of
                  | mutation]
  1342 | D        | Gained mutation: You have sharp toenails. [potion of
                  | mutation]
  1342 | D        | Gained mutation: Your skin changes colour to match your
                  | surroundings (Stealth+). [potion of mutation]
  1343 | D        | Lost mutation: Your skin changes colour to match your
                  | surroundings (Stealth+). [potion of mutation]
  1343 | D        | Lost mutation: You have sharp toenails. [potion of
                  | mutation]
  1343 | D        | Lost mutation: You are dopey. (Int -2) [potion of mutation]
  1343 | D        | Gained mutation: You possess an exceptional clarity of
                  | mind. [potion of mutation]
  1343 | D        | Gained mutation: Your mind is acute. (Int +4, Str/Dex -1)
                  | [potion of mutation]
  1343 | D        | Gained mutation: Your system is resistant to poisons.
                  | (rPois) [potion of mutation]
  1344 | D        | Lost mutation: You possess an exceptional clarity of mind.
                  | [potion of mutation]
  1344 | D        | Lost mutation: Your mind is acute. (Int +4, Str/Dex -1)
                  | [potion of mutation]
  1344 | D        | Gained mutation: Your mind is acute. (Int +4, Str/Dex -1)
                  | [potion of mutation]
  1345 | D        | Lost mutation: Your system is resistant to poisons. (rPois)
                  | [potion of mutation]
  1345 | D        | Lost mutation: Your mind is acute. (Int +4, Str/Dex -1)
                  | [potion of mutation]
  1345 | D        | Gained mutation: You have a pair of small antennae on your
                  | head. [potion of mutation]
  1345 | D        | Lost mutation: You have a pair of small antennae on your
                  | head. [potion of mutation]
  1430 | D        | Noticed a fire crab
  1430 | D        | Noticed Erica
  1434 | D        | Killed Erica
  1437 | D        | Killed a fire crab
  1438 | D        | Reached skill level 17 in Unarmed Combat
  1452 | D        | Reached XP level 12. HP: 83/140 MP: 11/11
  1510 | D        | Noticed a vampire mage
  1526 | D        | Killed a vampire mage
  1526 | D        | Received a gift from Trog
  1568 | D        | Reached skill level 15 in Fighting
  1570 | D        | Received a gift from Trog
  1577 | D        | Noticed Kirke
  1579 | D        | Reached skill level 15 in Dodging
  1584 | D        | Killed Kirke
  1649 | D        | Noticed Regug the pandemonium lord
  1654 | D        | Noticed a quicksilver dragon
  1659 | D        | Killed Regug the pandemonium lord
  1660 | D        | Reached skill level 18 in Unarmed Combat
  1904 | D        | Identified the +10 battleaxe "Dragon's Peril" {heavy, Will+
                  | rCorr}
  1904 | D        | Noticed a nagaraja
  1912 | D        | Killed a nagaraja
  1912 | D        | Received a gift from Trog
  1913 | D        | Reached skill level 10 in Armour
  1913 | D        | Noticed a purple draconian
  1923 | D        | Killed a purple draconian
  1927 | D        | Received a gift from Trog
  1930 | D        | Noticed an ice dragon
  1938 | D        | Killed an ice dragon
  1965 | D        | Got the ring "Omoggaimi" {Will+ Str+6 Int+3 Slay-3}
  2145 | D        | Noticed an angel
  2150 | D        | Killed an angel
  2151 | D        | Reached XP level 13. HP: 136/153 MP: 12/12
  2152 | D        | Received a gift from Trog
  2156 | D        | Noticed a stone giant
  2159 | D        | Killed a stone giant
  2160 | D        | Reached skill level 19 in Unarmed Combat
  2166 | D        | Noticed an eidolon
  2170 | D        | Killed an eidolon
  2174 | D        | Received a gift from Trog
  2181 | D        | Noticed Rupert
  2186 | D        | Paralysed by Rupert for 4 turns
  2191 | D        | Killed Rupert
  2211 | D        | Identified the +5 battleaxe of Chaos {heavy, Dex+4 SInv}
                  | (Trog gifted it to you in the Dungeon)
  2211 | D        | Received a gift from Trog
  2223 | D        | Got the +0 cloak "Saupsuep" {rPois Dex+5}
  2265 | D        | Noticed a bone dragon
  2265 | D        | Noticed a hellephant
  2265 | D        | Noticed a deep elf demonologist
  2265 | D        | Noticed an orc warlord
  2265 | D        | Noticed an orc warlord
  2265 | D        | Noticed an orc warlord
  2265 | D        | Noticed an orc warlord
  2265 | D        | Noticed an orc warlord
  2265 | D        | Noticed an orc warlord
  2265 | D        | Noticed an orc warlord
  2265 | D        | Noticed an orc warlord
  2265 | D        | Noticed an orc warlord
  2265 | D        | Noticed an orc warlord
  2352 | D        | Noticed Boadghur the pandemonium lord
  2363 | D        | Killed Boadghur the pandemonium lord
  2470 | D        | Noticed an Ice Fiend
  2474 | D        | Killed an Ice Fiend
  2537 | D        | Noticed an orc warlord
  2540 | D        | Killed an orc warlord
  2559 | D        | Noticed a Hell Sentinel
  2570 | D        | Killed a Hell Sentinel
  2571 | D        | Reached skill level 20 in Unarmed Combat
  2635 | D        | Noticed a rockslime
  2638 | D        | Killed a rockslime
  2638 | D        | Received a gift from Trog
  2806 | D        | Noticed a green draconian monk
  2835 | D        | Killed a green draconian monk
  2902 | D        | Noticed a nagaraja
  2941 | D        | Killed a nagaraja
  3131 | D        | Noticed a black draconian knight
  3131 | D        | Noticed a lich
  3131 | D        | Noticed a deep elf demonologist
  3131 | D        | Noticed a white draconian
  3135 | D        | Noticed a deep elf death mage
  3139 | D        | Killed a deep elf death mage
  3140 | D        | Noticed a deep elf sorcerer
  3143 | D        | Killed a deep elf sorcerer
  3146 | D        | Killed a lich
  3147 | D        | Noticed a deep elf annihilator
  3148 | D        | Noticed a deep elf sorcerer
  3148 | D        | Noticed a nagaraja
  3149 | D        | Noticed a deep elf sorcerer
  3151 | D        | Noticed a red draconian
  3152 | D        | Killed a deep elf sorcerer
  3152 | D        | Killed a black draconian knight
  3153 | D        | Reached XP level 14. HP: 120/167 MP: 13/13
  3154 | D        | Noticed a balrug
  3157 | D        | Received a gift from Trog
  3165 | D        | Reached skill level 21 in Unarmed Combat
  3166 | D        | Killed a deep elf sorcerer
  3174 | D        | HP: 8/253 [deep elf high priest/divine providence (12)]
  3180 | D        | HP: 4/169 [white draconian/blast of cold (23)]
  3198 | D        | Killed from afar by a purple draconian

Illustrated notes

Levels and vault maps discovered:
D:        pitsprint [storerooms_1, entrance_room_1, metal_vault_6, armoury_2,
          mini_pit_1, grid_room_1, main_hall_1, silver_pit, the_coven_3,
          the_vestibule_1, steel_vault_5, golden_pit, hallway_of_sentries,
          crystal_vault_3, iron_vault_1, final_vault]

Skill      XL: |  1  2  3  4  5  6  7  8  9 10 11 12 13 14 |
---------------+-------------------------------------------+-----
Fighting       | 4 5 7 8 9 10 11 13 14 16 17 18 | 18.4
Dodging        | 4 5 7 8 9 10 11 13 14 16 17 18 | 18.3
Unarmed Combat | 5 6 8 9 11 12 13 15 17 18 20 21 | 21.3
Armour         | 4 8 11 13 14 | 14.2

Action                     |  1- 3 |  4- 6 |  7- 9 | 10-12 | 13-15 || total
---------------------------+-------+-------+-------+-------+-------++-------
  Melee: Unarmed           |    10 |    56 |    21 |   140 |    88 ||   315
         Punch             |       |     2 |     1 |    10 |    11 ||    24
  Throw: Large rock        |       |       |       |       |     1 ||     1
 Invoke: Berserk           |       |     2 |     2 |     5 |     4 ||    13
         Brothers in Arms  |       |       |     2 |     9 |    10 ||    21
    Use: Potion            |       |     1 |     2 |     9 |     6 ||    18
         Scroll            |       |       |       |       |     2 ||     2
   Stab: Distracted        |       |       |       |     1 |       ||     1
 Armour: Animal skin       |     9 |    36 |    16 |    77 |    75 ||   213
         Skin              |       |    10 |       |       |       ||    10
  Dodge: Dodged            |     6 |    21 |    12 |   106 |    57 ||   202

Table legend: (Time is in decaauts)
 A = Elapsed time spent in this place.
 B = Non-inter-level travel time spent in this place.
 C = Inter-level travel time spent in this place.
 D = Time resting spent in this place.
 E = Time spent auto-exploring this place.
 F = Levels seen in this place.
 G = Mean time per level.
                   A        B        C        D        E       F      G
               +--------+--------+--------+--------+--------+-----+--------+
         Total |   3232 |   3183 |     49 |   1561 |    399 |   1 | 3232.0 |
       Dungeon |   3232 |   3183 |     49 |   1561 |    399 |   1 | 3232.0 |
               +--------+--------+--------+--------+--------+-----+--------+

Top non-repeatable levels by time:
       D: 3232 daAuts
